 Dungeon Crawl Stone Soup version 0.23.2-40-g277498a001 (webtiles) character file.

Game seed: 12599606389302296894

47082 Aggronaut the Severer (level 14, -8/129 HPs)
             Began as a White Draconian Berserker on Sept 27, 2019.
             Was an Elder of Trog.
             Mangled by a spiny frog (24 damage)
             ... on level 4 of the Lair of Beasts.
             The game lasted 00:58:47 (18986 turns).

Aggronaut the Severer (White Draconian Berserker)  Turns: 18986, Time: 00:58:48

Health: -8/129     AC: 14    Str: 28    XL:     14   Next: 7%
Magic:  0/17       EV: 18    Int:  5    God:    Trog [****..]
Gold:   936        SH:  6    Dex: 16    Spells: 13/13 levels left

rFire    + + +     SeeInvis .   N - +10 demon whip of Excruciating Pain {freeze, +Rage rF+++ Int-2 Stlth-}
rCold    + . .     Gourm    .   o - +1 buckler
rNeg     . . .     Faith    .   (armour unavailable)
rPois    .         Spirit   +   (helmet restricted)
rElec    .         Reflect  .   s - +0 cloak of the Volcano {Regen+ Dex+3}
rCorr    .         Harm     .   J - +2 pair of gloves
MR       +....                  R - +1 pair of boots
Stlth    +++.......             I - amulet of guardian spirit
HPRegen  0.71/turn              e - ring "Xipofifa" {Dex+2 Stlth+}
MPRegen  0.15/turn              U - +3 ring of strength

@: lethally poisoned (-8 -> -8), very slightly contaminated, studying
Translocations
A: breathe frost, unfitting armour, cold resistance 1, cold-blooded, AC +8
a: Breathe Frost, Berserk, Trog's Hand, Brothers in Arms, Renounce Religion,
Evoke Berserk Rage


You were on level 4 of the Lair of Beasts.
You worshipped Trog.
Trog was greatly pleased with you.
You were hungry.

You visited 2 branches of the dungeon, and saw 14 of its levels.
You also visited: Bailey and Ice Cave.

You collected 936 gold pieces.

Inventory:

Hand Weapons
 a - a +1 hand axe
 E - a +2 scimitar of flaming
 N - the +10 demon whip of Excruciating Pain (weapon) {freeze, +Rage rF+++ Int-2 Stlth-}
   (You found it on level 2 of the Lair of Beasts)

   It has been specially enchanted to freeze those struck by it, causing extra
   injury to most foes and up to half again as much damage against particularly
   susceptible opponents.
   It can also slow down cold-blooded creatures.
   It affects your intelligence (-2).
   It renders you almost immune to fire.
   It lets you go berserk.
   It makes you less stealthy.
Missiles
 w - 2 throwing nets (quivered)
Armour
 l - a +0 cloak
 o - a +1 buckler (worn)
 s - the +0 cloak of the Volcano (worn) {Regen+ Dex+3}
   (You acquired it on level 2 of the Lair of Beasts)

   It affects your dexterity (+3).
   It increases your rate of regeneration.
 J - a +2 pair of gloves (worn)
 R - a +1 pair of boots (worn)
Jewellery
 e - the ring "Xipofifa" (left hand) {Dex+2 Stlth+}
   (You acquired it in a bailey)

   [ring of stealth]

   It affects your dexterity (+2).
   It makes you more stealthy.
 k - a +4 ring of intelligence
 I - an amulet of guardian spirit (around neck)
 U - a +3 ring of strength (right hand)
 V - an uncursed ring of poison resistance {unknown}
Wands
 f - a wand of disintegration (25)
 u - a wand of digging (11)
 y - a wand of clouds (6)
 F - a wand of iceblast (11)
 G - a wand of flame (18)
 L - a wand of random effects (25)
 M - a wand of enslavement (4)
Scrolls
 d - 2 scrolls of enchant weapon
 h - 6 scrolls of remove curse
 i - 2 scrolls of enchant armour
 q - 2 scrolls of silence
 t - 2 scrolls of fog {unknown}
 x - a scroll of magic mapping
 A - 3 scrolls of teleportation
 C - a scroll of random uselessness {unknown}
 D - a scroll of holy word {unknown}
 O - a scroll of vulnerability {unknown}
 T - a scroll of fear
 W - a scroll of identify
Potions
 c - a potion of agility
 g - 3 potions of berserk rage {unknown}
 j - 7 potions of resistance
 m - 5 potions of lignification {unknown}
 n - 3 potions of curing
 p - 4 potions of flight {unknown}
 r - 2 potions of heal wounds
 z - a potion of magic
 H - a potion of ambrosia
 K - 5 potions of brilliance {unknown}
 Q - a potion of cancellation
 S - a potion of haste
Books
 v - a manual of Translocations Trog disapproves of the use of such an item.
Comestibles
 b - 19 rations
 P - 10 chunks of flesh


   Skills:
 + Level 13.0 Fighting
 - Level 16.4(16.9) Axes
 - Level 7.5(13.1) Maces & Flails
 * Level 8.0 Dodging
 - Level 4.1 Stealth
 - Level 4.1 Shields
 - Level 4.0 Evocations


You had 13 spell levels left.
You didn't know any spells.
Your spell library contained the following spells:

 Spells                   Type           Power        Failure   Level  Hunger
 Animate Skeleton         Necr           N/A          47%         1    ##.....
 Apportation              Tloc           #.....       47%         1    ##.....
 Beastly Appendage        Tmut           #.....       47%         1    ##.....
 Confusing Touch          Hex            #.....       47%         1    ##.....
 Sandblast                Erth           #.....       47%         1    ##.....
 Summon Small Mammal      Summ           #...         47%         1    ##.....
 Passwall                 Tmut/Erth      #.......     63%         2    ###....
 Sticks to Snakes         Tmut           #.......     63%         2    ###....
 Conjure Flame            Conj/Fire      #.......     85%         3    ####...
 Spider Form              Tmut/Pois      #.........   85%         3    ####...
 Stone Arrow              Conj/Erth      #.....       85%         3    ####...
 Ice Form                 Ice/Tmut       #.......     99%         4    #####..
 Petrify                  Tmut/Erth      #.......     99%         4    #####..
 Sticky Flame             Conj/Fire      #.......     99%         4    #####..
 Blade Hands              Tmut           #.........   100%        5    ######.
 Bolt of Magma            Conj/Fire/Erth #.........   100%        5    ######.
 Lee's Rapid Deconstruct  Erth           #.........   100%        5    ######.


Dungeon Overview and Level Annotations

Branches:
Dungeon (10/15)            Temple (0/1) D:5            Lair (4/6) D:10
 Shoals (0/4) Lair:3        Snake (0/4) Lair:2
    Orc: D:9-12

Altars:
Wu Jian

Shops:
D:4 %

Annotations:
Lair:4 Hylith's ghost, journeyman GnWn


Innate Abilities, Weirdness & Mutations

You can breathe waves of freezing cold.
You can buffet flying creatures when you breathe cold.
Your icy white scales are hard. (AC +8)
You cannot fit into any form of body armour.
Your flesh is cold resistant. (rC+)
You are cold-blooded and may be slowed by cold attacks.


Message History

You stumble backwards!
You feel sick.
You feel sick.
The spiny frog rages.
The elephant tramples you but does no damage.
The elephant barely misses you.
There is a transporter here.
You enter the transporter and appear at another place.
The spiny frog stings you!!
* * * LOW HITPOINT WARNING * * *
The elephant closely misses you.
The elephant trunk-slaps you but does no damage.
The spiny frog misses you.
You feel sick. The elephant tramples you!
* * * LOW HITPOINT WARNING * * *
You stumble backwards!
The elephant tramples you but does no damage.
The elephant barely misses you. The spiny frog stings you!!
You die...

#.##.##.#.# ##.#.......###
###### #....#####...### #.P#.#
####.###...###...# ##....#
#....#©......##.##
##.....###....#...#.#..#.##
##.......##....#..W#.#..#..##
####.#...........##y#.....##...#
#.#....##.#..##.@#.#...#.$#.?.##
#....#.########YF#..†#©.=?#©..)#
.÷.÷#### #..##.....#[#...##
#....# #..©#.#...#$##..## ....P#
#..##..##.#. #...# #.####
#..#...#...#.#..## .##
#..##....#..##..# #
#...##......#...#
#....#####.##...#


You could see an elephant (berserk) and a spiny frog (berserk).

Vanquished Creatures
  Nessos (Lair:4)
  Harold (D:8)
  4 hydras
  Erica (D:8)
  A two-headed ogre (D:10)
  9 death yaks
  An unseen horror (D:10)
  A necromancer (IceCv)
  An orc knight (Bailey)
  A moth of wrath (Lair:4)
  3 black mambas
  3 ice statues (IceCv)
  A torpor snail (Lair:3)
  Maurice (D:8)
  5 elephants (Lair:4)
  A rime drake (Lair:4)
  7 spiny frogs
  2 komodo dragons (Lair:4)
  7 ice devils
  The ghost of freakyemo the Skirmisher, an amateur HOFi (D:4)
  2 polar bears
  5 blink frogs (Lair:3)
  8 hippogriffs
  3 wyverns
  A hungry ghost (D:10)
  4 basilisks
  15 yaks
  6 nagas (Lair:2)
  2 water moccasins
  7 porcupines
  6 ogres
  2 sky beasts (D:8)
  12 orc warriors
  2 black bears
  An ice beast (D:8)
  A hornet zombie (D:6)
  39 wolves
  9 crocodiles
  3 centaurs
  A big kobold (D:9)
  17 bullfrogs
  A wyvern zombie (D:10)
  4 scorpions
  5 wights (D:9)
  7 howler monkeys
  2 crimson imps
  A draconian simulacrum (IceCv)
  4 hounds
  4 jellies
  A centaur skeleton (D:7)
  4 orc priests
  3 orc wizards
  3 iguanas
  3 troll simulacra (IceCv)
  3 worker ants
  3 centaur simulacra (IceCv)
  A hound zombie (D:5)
  A hound skeleton (D:4)
  15 adders
  7 gnolls
  2 naga simulacra (IceCv)
  An ogre simulacrum (IceCv)
  A shadow imp (D:6)
  3 oozes (D:1)
  An adder zombie (D:9)
  2 worms
  3 dart slugs
  3 leopard geckos
  27 orcs
  5 giant cockroaches
  11 goblins
  12 hobgoblins
  6 jackals
  2 quokkas
  3 ball pythons
  8 bats
  5 frilled lizards
  9 kobolds
  A leopard gecko skeleton (D:7)
  A quokka skeleton (D:4)
  6 rats
  2 fungi
384 creatures vanquished.

Vanquished Creatures (collateral kills)
  Rupert (Lair:2)
  2 orc warriors (Bailey)
  An ogre (D:8)
  A bullfrog (Lair:2)
  A howler monkey (D:8)
  An orc priest (D:8)
  2 orc wizards (D:8)
  2 adders (D:8)
  3 orcs (D:8)
14 creatures vanquished.

Vanquished Creatures (others)
  7 fungi
  2 plants
9 creatures vanquished.

Grand Total: 407 creatures vanquished

Notes
Turn   | Place    | Note
-------+----------+-------------------------------------------
     0 | D:1      | Aggronaut the Draconian Berserker began the quest for the
                  | Orb.
     0 | D:1      | Reached XP level 1. HP: 19/19 MP: 1/1
    50 | D:1      | Reached XP level 2. HP: 24/26 MP: 2/2
   147 | D:1      | Reached skill level 4 in Axes
   208 | D:1      | Reached XP level 3. HP: 13/31 MP: 3/3
   713 | D:1      | Reached ** piety under Trog
  1197 | D:2      | Reached XP level 4. HP: 34/38 MP: 4/4
  1257 | D:2      | Reached skill level 5 in Axes
  1321 | D:2      | Found a faded altar of an unknown god.
  1382 | D:2      | Found an ornate altar of the Wu Jian Council.
  1889 | D:3      | Reached XP level 5. HP: 13/45 MP: 5/5
  2204 | D:3      | Reached skill level 6 in Axes
  2383 | D:3      | Reached *** piety under Trog
  2532 | D:4      | Reached skill level 1 in Shields
  2533 | D:4      | Reached XP level 6. HP: 45/51 MP: 6/6
  2827 | D:4      | Found Ikhliffou's Food Shoppe.
  2876 | D:4      | Reached skill level 7 in Axes
  2994 | D:4      | Your scales start taking on an icy white colour.
  2994 | D:4      | Reached XP level 7. HP: 31/57 MP: 7/7
  2994 | D:4      | Gained mutation: Your flesh is cold resistant. (rC+) [White
                  | Draconian growth]
  3204 | D:4      | Found a runed translucent door.
  3209 | D:4      | Noticed freakyemo's ghost (amateur HOFi)
  3251 | D:4      | Killed freakyemo's ghost
  3251 | D:4      | Reached skill level 8 in Axes
  3706 | D:5      | Entered Level 5 of the Dungeon
  3799 | D:5      | Reached XP level 8. HP: 23/63 MP: 8/8
  4168 | D:5      | Reached skill level 9 in Axes
  4380 | D:5      | Reached **** piety under Trog
  4489 | D:5      | Found a staircase to the Ecumenical Temple.
  4729 | D:6      | Reached skill level 10 in Axes
  5103 | D:6      | HP: 4/94 [black bear (3)]
  6240 | D:7      | Reached skill level 11 in Axes
  6240 | D:7      | Reached XP level 9. HP: 66/71 MP: 9/9
  6762 | D:8      | Noticed Erica
  6777 | D:8      | Killed Erica
  6777 | D:8      | Reached skill level 5 in Fighting
  6855 | D:8      | Noticed Maurice
  6858 | D:8      | Reached skill level 12 in Axes
  6869 | D:8      | Killed Maurice
  6957 | D:8      | Found a flagged portal.
  6963 | D:8      | Noticed Harold
  6969 | Bailey   | Entered a bailey
  8944 | Bailey   | Identified a scroll of acquirement
  8945 | Bailey   | Got a steaming amber ring
  8946 | Bailey   | Identified the ring "Xipofifa" {Dex+2 Stlth+} (You acquired
                  | it in a bailey)
  8977 | Bailey   | Reached XP level 10. HP: 68/84 MP: 10/10
  9391 | Bailey   | Noticed an orc knight
  9399 | Bailey   | Killed an orc knight
  9399 | Bailey   | Reached skill level 13 in Axes
  9820 | D:8      | Killed Harold
 10843 | D:9      | Reached skill level 14 in Axes
 11107 | D:9      | Identified the Collected Works on Igneous Displacement
 11384 | D:9      | Reached XP level 11. HP: 95/95 MP: 10/14
 11399 | D:10     | Entered Level 10 of the Dungeon
 11495 | D:10     | Noticed a two-headed ogre
 11504 | D:10     | Killed a two-headed ogre
 11548 | D:10     | Reached XP level 12. HP: 88/103 MP: 15/15
 12337 | D:10     | Found a staircase to the Lair.
 12346 | Lair:1   | Entered Level 1 of the Lair of Beasts
 12535 | Lair:1   | Found a frozen archway.
 12547 | Lair:1   | Reached skill level 15 in Axes
 12563 | IceCv    | Entered an ice cave
 13383 | IceCv    | Reached skill level 10 in Fighting
 15475 | Lair:2   | Reached skill level 16 in Axes
 15922 | Lair:2   | Got a translucent demon whip
 15925 | Lair:2   | Got a slimy cloak
 15936 | Lair:2   | Identified the +0 cloak of the Volcano {Regen+ Dex+3} (You
                  | acquired it on level 2 of the Lair of Beasts)
 15988 | Lair:2   | Found a staircase to the Snake Pit.
 16059 | Lair:3   | Noticed a death yak
 16059 | Lair:3   | Noticed a death yak
 16059 | Lair:3   | Noticed a death yak
 16059 | Lair:3   | Noticed a death yak
 16059 | Lair:3   | Noticed a death yak
 16082 | Lair:2   | Killed a death yak
 16248 | Lair:3   | Noticed Rupert
 16250 | Lair:3   | Paralysed by Rupert for 3 turns
 16269 | Lair:2   | Killed Rupert
 16380 | Lair:3   | Reached XP level 13. HP: 115/116 MP: 14/16
 16441 | Lair:3   | Found the +8 demon trident "Rift" {distort, reach+}
 16477 | Lair:3   | Identified the +10 demon whip of Excruciating Pain {freeze,
                  | +Rage rF+++ Int-2 Stlth-} (You found it on level 2 of the
                  | Lair of Beasts)
 16507 | Lair:3   | Found a staircase to the Shoals.
 16627 | Lair:3   | Reached skill level 1 in Maces & Flails
 17062 | Lair:3   | Reached skill level 5 in Maces & Flails
 17540 | Lair:4   | Noticed Nessos
 18034 | Lair:4   | Reached ***** piety under Trog
 18223 | Lair:4   | Killed Nessos
 18415 | Lair:4   | Received a gift from Trog
 18577 | Lair:4   | Reached XP level 14. HP: 127/127 MP: 17/17
 18900 | Lair:4   | Found a transporter.
 18909 | Lair:4   | Noticed Hylith's ghost (journeyman GnWn)
 18925 | Lair:4   | Found a transporter.
 18986 | Lair:4   | Mangled by a spiny frog

Skill      XL: |  1  2  3  4  5  6  7  8  9 10 11 12 13 14 |
---------------+-------------------------------------------+-----
Axes           | 4 5 6 7 8 11 12 14 16 | 16.4
Shields        | 1 2 4 |  4.1
Fighting       | 6 8 11 12 13 | 13.0
Dodging        | 6 7 8 |  8.0
Stealth        | 4 |  4.1
Evocations     | 4 |  4.0
Maces & Flails | 7 |  7.5

Action                   |  1- 3 |  4- 6 |  7- 9 | 10-12 | 13-15 || total
-------------------------+-------+-------+-------+-------+-------++-------
Melee: Hand axe          |   118 |   162 |   333 |   782 |    35 ||  1430
       Tailslap          |    11 |    21 |    53 |   156 |    78 ||   319
       Demon whip        |       |       |       |       |   340 ||   340
Throw: Throwing net      |       |       |       |     2 |       ||     2
Invok: Berserk           |       |     4 |     8 |    16 |       ||    28
       Trog's Hand       |       |       |     2 |     3 |       ||     5
       Brothers in Arms  |       |       |       |     4 |     3 ||     7
 Abil: Breathe Frost     |       |       |     4 |     4 |       ||     8
Evoke: Wand              |       |       |     5 |     3 |       ||     8
  Use: Scroll            |     5 |     2 |    12 |    10 |     2 ||    31
       Potion            |       |       |     4 |     5 |     4 ||    13
 Stab: Sleeping          |       |     1 |       |    15 |     4 ||    20
       Held in net/web   |       |       |       |     1 |       ||     1
  Eat: Chunk             |       |     7 |    18 |    25 |     9 ||    59
       Ration            |       |     1 |     3 |     5 |       ||     9
Armor: Skin              |    41 |    54 |    85 |   114 |    83 ||   377
Dodge: Dodged            |    76 |   106 |   156 |   301 |   243 ||   882
Block: Buckler           |       |    11 |    65 |   131 |   114 ||   321
